 Dungeon Crawl Stone Soup version 0.21.1-1-g345015f (webtiles) character file.

161 troglodite the Sneak (level 5, -3/35 HPs)
             Began as an Octopode Assassin on Mar 7, 2018.
             Was a Follower of Wu Jian.
             Slain by a hobgoblin
             ... wielding a +0 club
             ... led by Robin
              (6 damage)
             ... on level 4 of the Dungeon.
             The game lasted 00:09:34 (2352 turns).

troglodite the Sneak (Octopode Assassin)            Turns: 2352, Time: 00:09:36

Health: -3/35      AC:  1    Str: 11    XL:     5   Next: 42%
Magic:  5/5        EV:  8    Int: 16    God:    Wu Jian [*.....]
Gold:   129        SH: 10    Dex: 13    Spells: 4/4 levels left

rFire    . . .     SeeInvis +   j - +0 dagger (speed)
rCold    . . .     Gourm    .   w - +0 large shield
rNeg     . . .     Faith    .   (helmet restricted)
rPois    .         Spirit   .   (no amulet)
rElec    .         Reflect  .   t - ring of see invisible
rCorr    .         Harm     .   x - +2 ring of intelligence
MR       .....                  (no ring)
Stlth    +++++.....             (no ring)
HPRegen  0.11/turn              (no ring)
MPRegen  0.09/turn              (no ring)
                                (no ring)
                                (no ring)

@: lethally poisoned (-3 -> -5)
A: almost no armour, stealthy swim, amphibious, 8 rings, constrict 8, camouflage
1, gelatinous body 1
a: Renounce Religion


You were on level 4 of the Dungeon.
You worshipped Wu Jian.
Wu Jian was aware of your devotion.
You were not hungry.

You visited 1 branch of the dungeon, and saw 4 of its levels.

You collected 129 gold pieces.

Inventory:

Hand Weapons
 a - a +2 dagger
 b - a +0 blowgun
 j - a +0 dagger of speed (weapon)
 r - a +0 hunting sling
Missiles
 c - 15 poisoned needles
 d - 2 curare-tipped needles
 g - 74 stones (quivered)
Armour
 w - a +0 large shield (worn)
Jewellery
 t - a ring of see invisible (left tentacle)
 x - a +2 ring of intelligence (right tentacle)
Wands
 o - a wand of polymorph (15)
Scrolls
 e - 4 scrolls of identify {unknown}
 h - a scroll of magic mapping {unknown}
 l - a scroll of amnesia {unknown}
 m - a scroll of enchant weapon {unknown}
 p - a scroll of blinking {unknown}
 u - a scroll of teleportation {unknown}
 v - a scroll of enchant armour {unknown}
 y - a scroll of remove curse {unknown}
 A - a scroll of immolation {unknown}
Potions
 i - 2 potions of might {unknown}
 k - a potion of haste {unknown}
 q - 4 potions of flight {unknown}
 s - 2 potions of magic {unknown}
 z - 2 potions of heal wounds {unknown}
Comestibles
 f - 5 rations
 n - 4 chunks of flesh


   Skills:
 * Level 2.4 Fighting
 + Level 2.5 Short Blades
 + Level 2.0 Throwing
 * Level 1.8 Dodging
 + Level 7.8 Stealth
 * Level 1.0 Shields


You had 4 spell levels left.
You didn't know any spells.

Dungeon Overview and Level Annotations

Branches:
Dungeon (4/15)
 Temple: D:4-7

Altars:
Nemelex Xobeh
Vehumet
Wu Jian
The Shining One

Annotations:
D:4 Robin


Innate Abilities, Weirdness & Mutations

You cannot wear most types of armour.
You are very stealthy in the water. (Stealth+)
You are amphibious.
You can wear up to eight rings at the same time.
You can use your tentacles to constrict eight enemies at once.
Your skin changes colour to match your surroundings (Stealth+).
Your rubbery body absorbs attacks. (AC +1, EV +1)


Message History

Robin throws the goblin at you!
* * * LOW HITPOINT WARNING * * *
Things that are here:
a club; a goblin corpse You hit the goblin.
You kill the goblin!
The Council accepts your kill. Robin throws the goblin at you!
You closely miss the goblin. You grab the goblin. You constrict the goblin.
You feel sick. The adder bites you but does no damage.
You block the goblin's attack. You block the hobgoblin's attack.
The adder bites you.
* * * LOW HITPOINT WARNING * * *
You completely miss the goblin.
The goblin is moderately wounded.
You constrict the goblin.
You kill the goblin!
The Council accepts your kill. The hobgoblin hits you with a club.
You die...

#### #..###.####.#
........####.#
..........##...##
##########.##....######
#..##...#......_......#
..........####....##..#
..........# ##...# #
#..####)### #.###
#..####@## #.#
......gSg######..
.......g.'......#
#######g#########
#..###g.### ...g..g...#
..g...g...+ #g.##....##
#. #....#


You could see Robin, an adder, 2 hobgoblins and 4 goblins.

Vanquished Creatures
  An orc wizard (D:3)
  An orc priest (D:3)
  An adder (D:4)
  An adder skeleton (D:4)
  5 worms
  2 dart slugs
  A leopard gecko (D:1)
  4 orcs (D:3)
  4 giant cockroaches
  10 goblins
  8 hobgoblins
  7 jackals (D:3)
  3 kobolds
  4 quokkas
  A ball python (D:3)
  4 bats
  A frilled lizard (D:1)
  8 rats
66 creatures vanquished.

Notes
Turn   | Place    | Note
-------+----------+-------------------------------------------
     0 | D:1      | troglodite the Octopode Assassin began the quest for the Orb.
     0 | D:1      | Reached XP level 1. HP: 14/14 MP: 1/1
   189 | D:1      | Reached XP level 2. HP: 17/19 MP: 2/2
   703 | D:1      | Reached skill level 6 in Stealth
  1213 | D:2      | Reached XP level 3. HP: 17/24 MP: 3/3
  1298 | D:2      | Found a sparkling altar of Nemelex Xobeh.
  1432 | D:2      | Found an ornate altar of the Wu Jian Council.
  1441 | D:2      | Became a worshipper of the Wu Jian Council
  1663 | D:3      | Reached skill level 7 in Stealth
  1663 | D:3      | Reached XP level 4. HP: 21/29 MP: 4/4
  1752 | D:3      | Found a glowing golden altar of the Shining One.
  1815 | D:3      | Reached XP level 5. HP: 19/35 MP: 5/5
  1817 | D:3      | Reached * piety under Wu Jian
  2308 | D:4      | Found a radiant altar of Vehumet.
  2337 | D:4      | Noticed Robin
  2348 | D:4      | Reached skill level 1 in Shields
  2352 | D:4      | Slain by a hobgoblin

Skill      XL: |  1  2  3  4  5 |
---------------+----------------+-----
Stealth        | 6 7 |  7.8
Shields        | 1 |  1.0
Fighting       | |  2.4
Short Blades   | |  2.5
Throwing       | |  2.0
Dodging        | |  1.8

Action                   |  1- 3 |  4- 6 || total
-------------------------+-------+-------++-------
Melee: Dagger            |    80 |    69 ||   149
       Constrict         |    18 |    19 ||    37
       Tentacles         |    13 |    17 ||    30
Invok: Lunge             |     7 |     6 ||    13
       Whirlwind         |       |     4 ||     4
 Stab: Sleeping          |    12 |     5 ||    17
       Distracted        |     1 |       ||     1
  Eat: Chunk             |     2 |     2 ||     4
Armor: Skin              |     1 |     8 ||     9
Dodge: Dodged            |    16 |    14 ||    30
Block: Large shield      |     9 |    28 ||    37
